 Dungeon Crawl Stone Soup version 0.31-a0-799-g6bc09d010c (webtiles) character file.

Game seed: 3388836090044874563

149 kae the Changeling (level 5, -2/40 HPs)
             Began as a Draconian Shapeshifter on Sept 19, 2023.
             Slain by an orc priest
             ... wielding a +0 club
              (4 damage)
             ... on level 2 of the Dungeon.
             The game lasted 00:01:29 (1816 turns).

kae the Changeling (Draconian Shapeshifter)         Turns: 1816, Time: 00:01:30

Health: -2/40      AC:  5    Str: 17    XL:     5   Next: 9%
Magic:  5/5        EV: 12    Int: 10    God:
Gold:   115        SH:  0    Dex: 12    Spells: 4/4 levels left

rFire   . .          .
                       - Unarmed
rCold   . . .        (no shield)
rNeg    . . .        (body armour unavailable)
rPois   .            (helmet currently unavailable)
rElec   .            (cloak currently unavailable)
rCorr   .            (gloves currently unavailable)
SInv    .            (boots currently unavailable)
Will    +....        (no amulet)
Stlth   +            (no ring)
HPRegen 0.26/turn    (no ring)
MPRegen 0.09/turn

%: no passive effects
@: beast-form, enlightened, flying
A: beast (slay +2), AC +5, unfitting armour, cold-blooded
a: Begin Untransformation


You were on level 2 of the Dungeon.
You were a hulking beast.
You visited 1 branch of the dungeon, and saw 3 of its levels.

You collected 115 gold pieces.


Innate Abilities, Weirdness & Mutations

You are a hulking beast.
Your limbs bulge with bestial killing power. (Slay +2)
Your plain brown scales are hard. (AC +5)
You cannot fit into any form of body armour.
You are cold-blooded and may be slowed by cold attacks.


   Skills:
 - Level 1.1 Fighting
 - Level 1.7 Dodging
 + Level 4.1 Unarmed Combat
 * Level 4.7 Shapeshifting


You had 4 spell levels left.
You didn't know any spells.
Your spell library contained the following spells:

 Spells                   Type           Power      Damage    Failure   Level
 Magic Dart               Conj           0%         1d3       36%         1
 Searing Ray              Conj           0%         2d4       50%         2
 Fulminant Prism          Conj/Hex       0%         3d5       98%         4

Inventory:

Missiles
 e - a stone
Talismans
 b - a beast talisman (active)
 c - a flux talisman
Scrolls
 d - 2 scrolls of fear {unknown}
 g - 2 scrolls of amnesia {unknown}
 h - 2 scrolls of teleportation {unknown}
 i - a scroll of poison {unknown}
 j - a scroll of immolation {unknown}
 l - a scroll of identify {unknown}
 m - a scroll of noise {unknown}
Potions
 a - a potion of lignification {!q}
 f - a potion of magic {unknown}
 k - 2 potions of curing {unknown}
 n - a potion of heal wounds {unknown}

Dungeon Overview and Level Annotations

Branches:
Dungeon (3/15) Zot: 16192

Altars:

##...........##
#..# ##.
######.######
#..## #. #.##
#...#### ## #..#
#.#....# # ##.#
#.####.###
###.########.#
#...#
##...##...##..#
###.##
##[..รท.o....####
#..##
#.......h....#
##.#.
#........o...#
#.#.
#............#
#.#.
##..........##
#...
##........###
###..
#####......#
#...# ######.###
########
#...###.#.....
###.....#.####


You could see an orc priest and an orc.


Message History

The bat hits you but does no damage.
The howler monkey howls!
You hit the bat.
You kill the bat!
You hear a shout!
An orc comes into view. It is wielding a +0 flail.
The howler monkey hoots and howls with incredible vigour!
You hear a shout! x2 ๐Ÿ˜• HP[+1]
Found a stone staircase leading down.
The howler monkey barely misses you.
You hit the howler monkey. The howler monkey hits you. ๐Ÿ˜• HP[-2]
You take 2 damage, and now have 29/35 hp.
You punch the howler monkey!
You tail-slap the howler monkey, but do no damage.
The howler monkey misses you.
You hit the howler monkey.
The howler monkey hits you but does no damage.
The orc barely misses you.
The howler monkey hits you but does no damage. ๐Ÿ˜• HP[+1]
You barely miss the howler monkey. The orc closely misses you.
The howler monkey barely misses you.
You punch the howler monkey!
You kill the howler monkey!
The orc hits you with a +0 flail.
Your Unarmed Combat skill increases to level 4!
You have reached level 5! ๐Ÿ˜ฎ MP[+1]
You now have 40 max hp (+5).
Your mp is fully restored (5).
You punch the orc!
You kill the orc!
No target in view!
No target in view!
An endoplasm comes into view.
Things that are here:
a +0 flail; an orc corpse; ๐Ÿ˜• HP[+1]
There is a stone staircase leading up here.
You see here a ball python corpse. ๐Ÿ˜• HP[+1]
You start resting.
An orc comes into view. It is wielding a +0 flail.
The orc shouts!
You hear a shout! x2
Unknown command.
No target in view!
No target in view!
You start resting.
An orc is nearby! ๐Ÿ˜• HP[+1]
Things that are here:
a +0 club; a goblin corpse A hobgoblin, an orc priest and an orc come into view.
The orc priest shouts!
The orc shouts!
An orc comes into view. It is wielding a +0 dagger.
The orc shouts!
You hit the orc.
An orc comes into view. It is wielding a +0 club.
The orc closely misses you.
You hit the orc.
You kill the orc!
An orc priest comes into view. It is wielding a +0 falchion.
The orc priest calls down the wrath of Beogh upon you.
You barely resist. ๐Ÿ˜• HP[+1]
Things that are here:
a +0 flail; a +0 leather armour; an orc corpse The hobgoblin hits you but does no damage.
The orc barely misses you.
Things that are here:
a +0 flail; a +0 leather armour; an orc corpse The orc hits you from afar with a +0 trident.
Things that are here:
a +0 club; a goblin corpse The orc priest calls down the wrath of Beogh upon you.
Beogh smites you!
* * * LOW HITPOINT WARNING * * *
The orc priest attacks as it pursues you!
The orc priest completely misses you. The orc hits you with a +0 club.
* * * LOW HITPOINT WARNING * * *
There is a stone staircase leading up here.
You see here a ball python corpse. ๐Ÿ˜จ HP[-16]
You take 16 damage, and now have 18/40 hp.
MASSIVE DAMAGE!! (PAUSE)
The orc priest mumbles some strange prayers to Beogh against you.
Beogh smites you!
* * * LOW HITPOINT WARNING * * *
The orc hits you from afar with a +0 trident!
* * * LOW HITPOINT WARNING * * *
You climb upwards.
There is a stone staircase leading down here.
Unknown command. ๐Ÿ˜ฑ HP[-16]
You take 16 damage, and now have 2/40 hp.
MASSIVE DAMAGE!! (PAUSE) Unknown command.
It was a potion of enlightenment.
You feel very buoyant.
You fly up into the air.
The orc priest hits you with a +0 club.
You die...

Skill      XL: |  1  2  3  4 |
---------------+-------------+-----
Shapeshifting  | 4 |  4.7
Unarmed Combat | 4 |  4.1
Fighting       | |  1.1
Dodging        | |  1.7

Action                     |  1- 3 |  4- 6 || total
---------------------------+-------+-------++-------
  Melee: Unarmed           |   104 |    62 ||   166
         Tailslap          |    13 |     5 ||    18
         Punch             |     2 |     2 ||     4
    Use: Potion            |       |     1 ||     1
 Armour: Skin              |    51 |    54 ||   105
  Dodge: Dodged            |    68 |    64 ||   132

Levels and vault maps discovered:
D:1:      giann_forest_graveyard, layout_basic
D:2:      layout_rooms, shapermc_ecumenical_altar_mp_ritualfount,
          roderic_serpentine_path, kennysheep_flooded_box, uniq_robin
D:3:      layout_rooms, uniq_ijyb

Notes
Turn   | Place    | Note
-------+----------+-------------------------------------------
     0 | D:1      | kae the Draconian Shapeshifter began the quest for the Orb.
     0 | D:1      | Reached XP level 1. HP: 16/16 MP: 1/1
     0 | D:1      | magus.rc [v1.11.3]
   124 | D:1      | Reached XP level 2. HP: 23/23 MP: 2/2
   457 | D:1      | Reached XP level 3. HP: 11/28 MP: 3/3
   594 | D:1      | You pick up a book of Conjurations and begin reading...
   594 | D:1      | You add the spells Magic Dart, Searing Ray and Fulminant
                  | Prism to your library.
  1018 | D:2      | Noticed Robin
  1046 | D:2      | Killed Robin
  1047 | D:2      | Reached skill level 4 in Shapeshifting
  1061 | D:2      | HP: 6/28 [worm (7)]
  1146 | D:2      | Reached XP level 4. HP: 14/35 MP: 4/4
  1250 | D:2      | You fall into a shaft and drop 1 floor!
  1292 | D:2      | Found a faded altar of an unknown god.
  1793 | D:3      | Reached skill level 4 in Unarmed Combat
  1793 | D:3      | Reached XP level 5. HP: 30/40 MP: 5/5
  1814 | D:3      | HP: 9/40 [orc priest/divine providence (9)]
  1814 | D:3      | HP: 2/40 [orc/+0 trident (7)]
  1816 | D:2      | Slain by an orc priest

Vanquished Creatures
  A howler monkey (D:3)
  Robin (D:2)
  A gnoll (D:1)
  2 adders (D:3)
  4 worms (D:2)
  A dart slug (D:1)
  2 orcs (D:3)
  7 bats
  6 endoplasms
  A giant cockroach (D:1)
  11 goblins
  5 hobgoblins
  3 jackals (D:1)
  3 kobolds
  A quokka (D:1)
  2 ball pythons
  2 frilled lizards (D:1)
  3 rats
56 creatures vanquished.

Table legend:
 A = Non-vault XP
 B = Vault XP
 C = Vault XP percentage of total XP
 D = Non-vault monster count
 E = Vault monster count
 F = Vault count percentage of total count
                 A         B        C        D         E       F
            +---------+---------+-------+---------+---------+-------
      Total |     181 |      33 |  15.4 |      45 |      11 |  19.6
            +---------+---------+-------+---------+---------+-------
        D:1 |      53 |       0 |   0.0 |      23 |       0 |   0.0
        D:2 |      33 |      33 |  50.0 |      12 |      11 |  47.8
        D:3 |      95 |       0 |   0.0 |      10 |       0 |   0.0
            +---------+---------+-------+---------+---------+-------

Skill      XL: |  1  2  3  4 |
---------------+-------------+-----
Shapeshifting  | 4 |  4.7
Unarmed Combat | 4 |  4.1
Fighting       | |  1.1
Dodging        | |  1.7

Action                     |  1- 3 |  4- 6 || total
---------------------------+-------+-------++-------
  Melee: Unarmed           |   104 |    62 ||   166
         Tailslap          |    13 |     5 ||    18
         Punch             |     2 |     2 ||     4
    Use: Potion            |       |     1 ||     1
 Armour: Skin              |    51 |    54 ||   105
  Dodge: Dodged            |    68 |    64 ||   132

Illustrated notes

Table legend:
 A = Kills in this place as a percentage of kills in the entire game.
 B = Kills by you in this place as a percentage of kills by you in the entire game.
 C = Kills by friends in this place as a percentage of kills by friends in the entire game.
 D = Other kills in this place as a percentage of other kills in the entire game.
 E = Experience gained in this place as a percentage of experience gained in the entire game.
 F = Experience gained in this place divided by the number of levels of this place that you have seen.
                   A       B       C       D       E      F
               +-------+-------+-------+-------+-------+----------------------
         Total | 100.0 | 100.0 |   N/A |   N/A | 100.0 |  71.3
       Dungeon | 100.0 | 100.0 |   N/A |   N/A | 100.0 |  71.3
               +-------+-------+-------+-------+-------+----------------------

Table legend: (Time is in decaauts)
 A = Elapsed time spent in this place.
 B = Non-inter-level travel time spent in this place.
 C = Inter-level travel time spent in this place.
 D = Time resting spent in this place.
 E = Time spent auto-exploring this place.
 F = Levels seen in this place.
 G = Mean time per level.
                   A        B        C        D        E       F      G
               +--------+--------+--------+--------+--------+-----+--------+
         Total |   1806 |   1736 |     70 |     71 |   1326 |   3 |  602.0 |
       Dungeon |   1806 |   1736 |     70 |     71 |   1326 |   3 |  602.0 |
               +--------+--------+--------+--------+--------+-----+--------+

Top non-repeatable levels by time:
     D:1: 860 daAuts
     D:2: 855 daAuts
     D:3: 91 daAuts
